 Seeded DCSS version 0.30.1-5-ged363bc7ee (webtiles) character file.

Game seed: 15660985446129201502 (custom seed)

74 AccursedSamuel the Chopper (level 4, -1/28 HPs)
             Began as a Tengu Monk on Sept 19, 2023.
             Was a Believer of Nemelex Xobeh.
             Killed from afar by a dart slug (3 damage)
             ... with a slug dart
             ... on level 2 of the Dungeon.
             The game lasted 00:02:29 (1262 turns).

AccursedSamuel the Chopper (Tengu Monk)             Turns: 1262, Time: 00:02:30

Health: -1/28      AC:  2    Str: 14    XL:     4   Next: 30%
Magic:  5/5        EV: 14    Int: 10    God:    Nemelex Xobeh [**....]
Gold:   194        SH:  0    Dex: 18    Spells: 3/3 levels left

rFire   . . .        e - +4 executioner's axe "Untucues" {freeze, rPois Dex+2}
rCold   . . .        (shield currently unavailable)
rNeg    . . .        b - +0 robe
rPois   +            (helmet restricted)
rElec   .            (no cloak)
rCorr   .            (no gloves)
SInv    .            (boots unavailable)
Will    .....        (no amulet)
Stlth   ++           (no ring)
HPRegen 0.24/turn    (no ring)
MPRegen 0.09/turn

%: no passive effects
@: no status effects
A: beak, talons 3
a: Renounce Religion, Draw Escape, Draw Destruction, Draw Summoning


You were on level 2 of the Dungeon.
You worshipped Nemelex Xobeh.
Nemelex Xobeh was pleased with you.
You visited 1 branch of the dungeon, and saw 2 of its levels.

You collected 194 gold pieces.

Inventory:

Hand Weapons
 a - a +0 hand axe
 e - the +4 executioner's axe "Untucues" (weapon) {freeze, rPois Dex+2}
   (You acquired it on level 1 of the Dungeon)

   Dex:       It affects your dexterity (+2).
   rPois:     It protects you from poison.
Armour
 b - a +0 robe (worn)
 d - an orb of light
Scrolls
 f - a scroll of teleportation {unknown}
 h - a scroll of enchant armour {unknown}
 i - a scroll of noise {unknown}
 k - a scroll of immolation {unknown}
Potions
 c - a potion of ambrosia
 g - a potion of curing {unknown}
 j - a potion of degeneration {unknown}
 l - a potion of attraction {unknown}


   Skills:
 + Level 3.5 Fighting
 + Level 4.5 Axes
 + Level 3.9 Dodging


You had 3 spell levels left.
You didn't know any spells.
Your spell library contained the following spells:

 Spells                   Type           Power      Damage    Failure   Level
 Cigotuvi's Dreadful Rot  Necr/Pois/Air  0%         N/A       50%         2
 Dispel Undead            Necr           0%         3d6       98%         4
 Death Channel            Necr           0%         N/A       100%        6


Dungeon Overview and Level Annotations

Branches:
Dungeon (2/15)

Altars:
Nemelex Xobeh

Annotations:
D:2 1 runed translucent door, Crazy Yiuf


Innate Abilities, Weirdness & Mutations

You have a beak for a mouth.
You have claws for feet.


Message History

Things that are here:
a +0 club; 4 stones; a kobold corpse The frilled lizard hisses angrily.
The frilled lizard barely misses you.
Jessica the Apprentice Sorceress comes into view.
She is wielding a +0 dagger.
Jessica shouts!
The frilled lizard bites you but does no damage.
Jessica casts a spell.
Jessica seems to speed up.
You slash the frilled lizard!
The frilled lizard seems to slow down.
You freeze the frilled lizard.
You kill the frilled lizard!
Jessica points at you and mumbles some strange words.
You barely resist.
A dart slug comes into view.
Jessica says, "I'm really upset."
Jessica hits you with a +0 dagger. x2
Jessica hits you with a +0 dagger.
You barely miss Jessica. You claw Jessica, but do no damage.
Jessica barely misses you. Jessica hits you with a +0 dagger.
Jessica barely misses you.
You barely miss Jessica. You claw Jessica, but do no damage.
You peck Jessica, but do no damage. Jessica hits you with a +0 dagger.
* * * LOW HITPOINT WARNING * * *
Jessica hits you with a +0 dagger.
* * * LOW HITPOINT WARNING * * *
You slash Jessica! You freeze Jessica.
You kill Jessica!
You hit the dart slug. You freeze the dart slug.
The dart slug bites you but does no damage.
You have reached level 4!
You feel stronger.
You barely miss the dart slug.
You claw the dart slug, but do no damage.
You peck the dart slug, but do no damage.
The dart slug is almost dead.
The dart slug launches a dart at you. The slug dart hits you.
You die...
Your body glows with a rainbow of weird colours and disappears.

.##........######<#.###...#.
.....##.##..............#...
#.....#)########.#####...
#.....†..........#...÷..<
.....#...#.##########....)..
...#.##.##.# #....... #
#.......######## #.......
..##....)......# #......# ..
#....@......# #......' .
#....w......# #......#
...............# #......#
####...........# #......#
#...........# #......#
#...........# ########
#...........# #...........#


You could see a dart slug.

Vanquished Creatures
  Jessica (D:2)
  An adder (D:2)
  3 endoplasms
  A giant cockroach (D:2)
  4 goblins
  3 hobgoblins (D:1)
  5 kobolds
  5 quokkas
  2 ball pythons (D:1)
  2 bats (D:1)
  5 frilled lizards
  5 rats
  A spectral kobold (D:2)
38 creatures vanquished.

Notes
Turn   | Place    | Note
-------+----------+-------------------------------------------
     0 | D:1      | AccursedSamuel the Tengu Monk began the quest for the Orb.
     0 | D:1      | Reached XP level 1. HP: 14/14 MP: 2/2
    97 | D:1      | Reached XP level 2. HP: 18/19 MP: 3/3
   101 | D:1      | Identified a scroll of acquirement
   101 | D:1      | Acquired the +4 executioner's axe "Untucues" {freeze, rPois
                  | Dex+2}
   466 | D:1      | Reached XP level 3. HP: 19/23 MP: 4/4
  1002 | D:2      | Reached skill level 4 in Axes
  1016 | D:2      | Found a faded altar of an unknown god.
  1064 | D:2      | Prayed at the altar of an unknown god.
  1064 | D:2      | Became a worshipper of Nemelex Xobeh the Trickster
  1064 | D:2      | Reached * piety under Nemelex Xobeh
  1064 | D:2      | Received a gift from Nemelex Xobeh
  1064 | D:2      | Reached ** piety under Nemelex Xobeh
  1133 | D:2      | Found a runed translucent door.
  1134 | D:2      | Noticed Crazy Yiuf
  1254 | D:2      | Noticed Jessica
  1260 | D:2      | HP: 1/23 [Jessica/+0 dagger (5)]
  1261 | D:2      | Killed Jessica
  1262 | D:2      | Reached XP level 4. HP: 2/28 MP: 5/5
  1262 | D:2      | Killed from afar by a dart slug

Illustrated notes

Levels and vault maps discovered:
D:1:      minmay_arrival_pointy, layout_loops_ring, minmay_gold_behind_fungi
D:2:      layout_basic, dreamdust_ecumenical_altar_drowned_temple,
          hangedman_decor_clover_reticule, fountainhead,
          uniq_crazy_yiuf_cottage, uniq_jessica

Skill      XL: |  1  2  3 |
---------------+----------+-----
Axes           | 4 |  4.5
Fighting       | |  3.5
Dodging        | |  3.9

Action                     |  1- 3 |  4- 6 || total
---------------------------+-------+-------++-------
  Melee: Hand axe          |     9 |       ||     9
         Kick              |    13 |     1 ||    14
         Peck              |     7 |     1 ||     8
         Executioner's axe |    53 |     1 ||    54
    Use: Scroll            |     1 |       ||     1
 Armour: Robe              |    14 |       ||    14
  Dodge: Dodged            |    68 |       ||    68
